 Dungeon Crawl Stone Soup version 0.20.1-1-g8b1a95d (webtiles) character file.

2772 Gargoyl the Protected (level 9, -7/78 HPs)
             Began as a Minotaur Abyssal Knight on Sept 25, 2017.
             Was a Priest of Lugonu.
             Killed from afar by an electric eel (8 damage)
             ... with a bolt of electricity
             ... on level 7 of the Dungeon.
             The game lasted 00:11:19 (6358 turns).

Gargoyl the Protected (Minotaur Abyssal Knight)     Turns: 6358, Time: 00:11:19

Health: -7/78      AC: 16    Str: 18    XL:     9   Next: 42%
Magic:  12/12      EV:  9    Int: 14    God:    Lugonu [***...]
Gold:   425        SH:  0    Dex: 15    Spells: 8/8 levels left

rFire    . . .     SeeInvis +   a - +2 hand axe
rCold    . . .     Gourm    .   (no shield)
rNeg     + . .     Faith    .   p - +2 chain mail {rPois}
rPois    +         Spirit   .   (helmet restricted)
rElec    .         Reflect  .   (no cloak)
rCorr    .         Harm     .   (no gloves)
MR       .....                  d - +2 pair of boots
Stlth    ..........             (no amulet)
Regen    0.3/turn               j - ring of positive energy
MPRegen  0.2/turn               x - ring of Onelaek {Int+5 Dex+3 SInv}

@: no status effects
A: retaliatory headbutt, horns 2
a: Depart the Abyss, Bend Space, Banish, Renounce Religion


You were on level 7 of the Dungeon.
You worshipped Lugonu.
Lugonu was most pleased with you.
You were not hungry.

You visited 1 branch of the dungeon, and saw 7 of its levels.
You visited the Abyss 1 time.

You collected 425 gold pieces.

Inventory:

Hand Weapons
 a - a +2 hand axe (weapon)
Missiles
 v - 4 tomahawks (quivered)
Armour
 d - a +2 pair of boots (worn)
 p - a +2 chain mail of poison resistance (worn)
Jewellery
 j - a ring of positive energy (left hand)
 x - the ring of Onelaek (right hand) {Int+5 Dex+3 SInv}
   (You found it on level 7 of the Dungeon)

   [ring of see invisible]

   It affects your intelligence (+5).
   It affects your dexterity (+3).
   It lets you see invisible.
Wands
 s - a wand of polymorph (7/24)
Scrolls
 b - 2 scrolls of enchant weapon
 i - a scroll of remove curse
 o - 2 scrolls of magic mapping
 q - 2 scrolls of teleportation
 t - 2 scrolls of identify
Potions
 g - a potion of lignification
 k - a potion of haste {unknown}
 l - a potion of ambrosia {unknown}
 m - a potion of degeneration {unknown}
 n - a potion of might {unknown}
 w - a potion of mutation {unknown}
Comestibles
 c - 5 bread rations
 f - 4 meat rations
 h - 4 royal jellies
 u - a fruit


   Skills:
 + Level 6.7 Fighting
 + Level 9.2 Axes
 * Level 9.3 Armour
 + Level 3.1 Dodging
 * Level 5.5 Invocations


You had 8 spell levels left.
You didn't know any spells.

Dungeon Overview and Level Annotations

Branches:
Dungeon (7/15)             Temple (0/1) D:5

Altars:
Dithmenos
Fedhas
Ru

Shops:
D:5 [


Innate Abilities, Weirdness & Mutations

You reflexively headbutt those who attack you in melee.
You have a pair of horns on your head.


Message History

The dart slug launches a dart at you. The slug dart hits you!
The electric eel shoots out a bolt of lightning at you!
The bolt of electricity hits the electric eel.
The electric eel completely resists.
The bolt of electricity hits you!
* * * LOW HITPOINT WARNING * * *
Items here: % ) [ ÷ a halberd; a robe; 2 chunks of flesh; an orc skeleton The dart slug launches a dart at you.
The slug dart misses you.
Things that are here:
a dagger; a robe The electric eel shoots out a bolt of lightning at you!
The bolt of electricity hits you!
* * * LOW HITPOINT WARNING * * *
Unknown command.
The electric eel shoots out a bolt of lightning at you!
The bolt of electricity hits the electric eel.
The electric eel completely resists.
The bolt of electricity hits you!
You die...

#.<...#####
#.........#.
#=..........
#.>.........
#.))........ #.#
#........... #.#
##..)(.......
#.#####))#..#####..
#w##.@))##..#
#.#))######.#
#.#.## ### ##(#)#
#†...# ≈≈≈≈≈≈..###
≈≈≈≈≈≈);. #
≈≈.$≈≈;≈#.
#...≈≈≈≈≈..


You could see 2 electric eels.

Vanquished Creatures
  A hornet (D:6)
  Grinder (D:4)
  Menkaure (D:4)
  Edmund (D:4)
  A black bear (D:6)
  3 phantoms (D:6)
  2 ogres
  A centaur (D:6)
  2 bullfrogs
  2 scorpions
  7 wights
  2 howler monkeys (D:7)
  A crimson imp (D:5)
  2 jellies
  3 hounds
  3 orc priests
  6 orc wizards
  5 centaur skeletons
  An iguana (D:4)
  Natasha (thrice) (D:3)
  4 worker ants
  A hound skeleton (D:6)
  3 adders
  A shadow imp (D:6)
  3 adder skeletons
  3 worms (D:3)
  5 dart slugs
  4 leopard geckos
  14 orcs
  2 ball pythons (D:3)
  5 bats
  5 giant cockroaches
  7 goblins
  5 hobgoblins
  8 jackals
  5 kobolds
  A quokka (D:6)
  7 frilled lizards
  A giant cockroach zombie (D:5)
  A quokka skeleton (D:6)
  5 rats
138 creatures vanquished.

Vanquished Creatures (others)
  2 orcs (D:7)
2 creatures vanquished.

Grand Total: 140 creatures vanquished

Notes
Turn   | Place    | Note
-------+----------+-------------------------------------------
     0 | Abyss:1  | Gargoyl the Minotaur Abyssal Knight began the quest for the Orb.
     0 | Abyss:1  | Reached XP level 1. HP: 19/19 MP: 1/1
     1 | Abyss:1  | Found a corrupted altar of Lugonu.
     2 | Abyss:1  | Found a corrupted altar of Lugonu.
   175 | Abyss:1  | Noticed a large abomination
   200 | D:1      | Escaped the Abyss
   374 | D:1      | Reached XP level 2. HP: 27/27 MP: 2/2
   461 | D:1      | Reached * piety under Lugonu
  1049 | D:1      | Reached XP level 3. HP: 33/33 MP: 3/3
  1428 | D:2      | Found a sacrificial altar of Ru.
  1507 | D:2      | Found a shadowy altar of Dithmenos.
  1999 | D:3      | Noticed a bullfrog
  2003 | D:3      | Killed a bullfrog
  2003 | D:3      | Reached XP level 4. HP: 41/41 MP: 4/4
  2004 | D:3      | Noticed Natasha
  2011 | D:3      | Killed Natasha
  2011 | D:3      | Reached XP level 5. HP: 42/47 MP: 4/6
  2025 | D:3      | Noticed Natasha
  2029 | D:3      | Killed Natasha
  2053 | D:3      | Noticed Natasha
  2064 | D:3      | Killed Natasha
  2240 | D:3      | Reached ** piety under Lugonu
  2866 | D:4      | Noticed Menkaure
  2874 | D:4      | Killed Menkaure
  2874 | D:4      | Reached skill level 5 in Axes
  2874 | D:4      | Reached XP level 6. HP: 32/55 MP: 7/7
  3074 | D:4      | Noticed Edmund
  3090 | D:4      | Killed Edmund
  3090 | D:4      | Reached skill level 5 in Fighting
  3225 | D:4      | Reached skill level 5 in Armour
  3225 | D:4      | Reached XP level 7. HP: 42/61 MP: 8/8
  3437 | D:4      | You fall through a shaft for 3 floors!
  3437 | D:7      | Noticed a hornet
  3595 | D:5      | Entered Level 5 of the Dungeon
  3595 | D:5      | Found Xaecat Jixo's Antique Armour Shoppe.
  3598 | D:5      | Found a blossoming altar of Fedhas.
  3746 | D:4      | Noticed Grinder
  3754 | D:4      | Paralysed by Grinder for 5 turns
  3769 | D:4      | Killed Grinder
  3769 | D:4      | Reached XP level 8. HP: 58/69 MP: 10/10
  4354 | D:5      | Reached *** piety under Lugonu
  4407 | D:5      | Found a staircase to the Ecumenical Temple.
  4886 | D:6      | Reached skill level 5 in Invocations
  5239 | D:6      | Reached XP level 9. HP: 73/75 MP: 11/11
  5330 | D:6      | Found a blossoming altar of Fedhas.
  5423 | D:7      | Got a smoking bronze ring
  5425 | D:7      | Identified the ring of Onelaek {Int+5 Dex+3 SInv} (You found it on level 7 of the Dungeon)
  5696 | D:6      | Paralysed by a hornet for 3 turns
  5708 | D:6      | Paralysed by a hornet for 2 turns
  6357 | D:7      | HP: 1/78 [electric eel/bolt of electricity (12)]
  6358 | D:7      | Killed from afar by an electric eel

Skill      XL: |  1  2  3  4  5  6  7  8  9 |
---------------+----------------------------+-----
Fighting       | 4 5 6 |  6.7
Invocations    | 2 3 4 5 |  5.5
Axes           | 3 5 7 8 9 |  9.2
Armour         | 3 4 5 6 8 9 |  9.3
Dodging        | 2 3 |  3.1

Action                   |  1- 3 |  4- 6 |  7- 9 || total
-------------------------+-------+-------+-------++-------
Melee: Hand axe          |    61 |    81 |   287 ||   429
       Headbutt          |    10 |    19 |    52 ||    81
Invok: Depart the Abyss  |     1 |       |       ||     1
       Bend Space        |       |       |     1 ||     1
  Use: Scroll            |     6 |     2 |     3 ||    11
       Potion            |       |       |     3 ||     3
  Eat: Chunk             |     3 |     4 |     8 ||    15
       Fruit             |       |       |     2 ||     2
       Royal jelly       |       |       |     1 ||     1
Armor: Leather armour    |    33 |       |       ||    33
       Chain mail        |     5 |    45 |   179 ||   229
       Skin              |       |       |    17 ||    17
Dodge: Dodged            |    37 |    30 |   110 ||   177
